 Dungeon Crawl Stone Soup version 0.29-a0-1019-g84f7d21838 (webtiles) character file.

Game seed: 13603726351852719467

4 miscthings the Charlatan (level 1, -1/16 HPs)
             Began as a Meteoran Artificer on Aug 10, 2022.
             Slain by a giant cockroach (2 damage)
             ... on level 1 of the Dungeon.
             The game lasted 00:00:23 (113 turns).

miscthings the Charlatan (Meteoran Artificer)        Turns: 113, Time: 00:00:23

Health: -1/16      AC:  3    Str: 13    XL:     1   Next: 85%
Magic:  2/2        EV: 11    Int: 12    God:
Gold:   14         SH:  0    Dex: 14    Spells: 0/0 levels left

rFire   . . .      SeeInvis .   f - +0 whip
rCold   . . .      Faith    .   (no shield)
rNeg    . . .      Spirit   .   b - +0 leather armour
rPois   .          Reflect  .   (no helmet)
rElec   .          Harm     .   (no cloak)
rCorr   .          Rampage  .   (no gloves)
Will    .....                   (no boots)
Stlth   +.........              (no amulet)
HPRegen 0.05/turn               (no ring)
MPRegen 0.08/turn               (no ring)

@: glowing
A: sense surroundings 1, otherworldly, glowing, explore regen
a: no special abilities


You were on level 1 of the Dungeon.
You visited 1 branch of the dungeon, and saw 1 of its levels.

You collected 14 gold pieces.

Inventory:

Hand Weapons
 f - a +0 whip (weapon)
Armour
 b - a +0 leather armour (worn)
Wands
 c - a wand of flame (15) (quivered)
 d - a wand of charming (15)
 e - a wand of iceblast (9)


   Skills:
 - Level 1.5 Fighting
 + Level 0.6 Maces & Flails
 - Level 2.4 Armour
 - Level 1.2 Dodging
 - Level 0.6 Stealth
 - Level 3.6 Evocations


You couldn't memorise any spells.
You didn't know any spells.
Your spell library was empty.

Dungeon Overview and Level Annotations

Branches:
Dungeon (1/15) Zot: 484

Altars:


Innate Abilities, Weirdness & Mutations

You passively map a small area around you.
You are easily found by Zot.
You glow in the dark.
You regain HP and MP as you explore.


Message History

You are frozen.
You hit the endoplasm.
The endoplasm is moderately wounded.
The endoplasm closely misses you.
You hit the endoplasm.
You kill the endoplasm!
A giant cockroach comes into view.
A giant cockroach is nearby!
A frilled lizard comes into view.
The giant cockroach bites you.
You closely miss the giant cockroach.
The giant cockroach bites you but does no damage. x2
You barely miss the giant cockroach. The frilled lizard bites you.
The giant cockroach barely misses you.
You hit the giant cockroach but do no damage.
The frilled lizard closely misses you. The giant cockroach closely misses you.
The frilled lizard bites you.
You hit the giant cockroach.
The giant cockroach is heavily wounded.
The giant cockroach bites you.
The frilled lizard bites you but does no damage.
You closely miss the giant cockroach.
The giant cockroach is heavily wounded.
The giant cockroach bites you but does no damage. x2
The frilled lizard bites you.
You closely miss the frilled lizard.
The giant cockroach waves its antennae.
The giant cockroach closely misses you. The frilled lizard bites you.
You are too injured to fight recklessly!
You closely miss the frilled lizard. The giant cockroach barely misses you.
The frilled lizard bites you.
You are too injured to fight recklessly!
You barely miss the giant cockroach.
The giant cockroach is heavily wounded.
The giant cockroach bites you.
* * * LOW HITPOINT WARNING * * *
The frilled lizard bites you.
* * * LOW HITPOINT WARNING * * *
The giant cockroach bites you.
You die...

..,... , ... ,
..#.#.#., ..## , .# ,
........,,,...., ..#.
, , ....#..#
*#.#.##... * ,.....#
#.#..#..# # , ,#...#
#.##.#..#.# * *
#...#####.##.#..#.#
,*##.l...............#
#.B@.....####....#.#
.............#
##...#.#
.............# #......
, #####........#
#...### * #........#
#...# , ..........#
#.#.## ..#########
#.#..## , * ... * * *
#.#..#. , ..#.)#.


You could see a giant cockroach and a frilled lizard.

Vanquished Creatures
  A dart slug (D:1)
  An endoplasm (D:1)
2 creatures vanquished.

Notes
Turn   | Place    | Note
-------+----------+-------------------------------------------
     0 | D:1      | miscthings the Meteoran Artificer began the quest for the
                  | Orb.
     0 | D:1      | Reached XP level 1. HP: 16/16 MP: 2/2
   113 | D:1      | Slain by a giant cockroach

Illustrated notes

Levels and vault maps discovered:
D:1:      elethiomel_arrival_fortress_basement, layout_basic,
          shapermc_ecumenical_altar_rom_forum, kennysheep_flooded_box

Action                   || total
-------------------------++-------
Melee: Whip              ||    21
Armor: Leather armour    ||     7
Dodge: Dodged            ||     8

Table legend: (Time is in decaauts)
 A = Elapsed time spent in this place.
 B = Non-inter-level travel time spent in this place.
 C = Inter-level travel time spent in this place.
 D = Time resting spent in this place.
 E = Time spent auto-exploring this place.
 F = Levels seen in this place.
 G = Mean time per level.
                   A        B        C        D        E       F      G
               +--------+--------+--------+--------+--------+-----+--------+
         Total |    114 |    114 |      0 |      2 |     68 |   1 |  114.0 |
       Dungeon |    114 |    114 |      0 |      2 |     68 |   1 |  114.0 |
               +--------+--------+--------+--------+--------+-----+--------+

Top non-repeatable levels by time:
     D:1: 114 daAuts
